 Dungeon Sprint DCSS version 0.30-a0-591-g3c58d2bc28 (webtiles) character file.

Game seed: 870581118456894132

86 NinjaNoafa the Shooter (level 4, -1/44 HPs)
             Began as a Minotaur Hunter on Jan 5, 2023.
             Was an Initiate of Cheibriados.
             Slain by a komodo dragon (21 damage)
             ... in the Dungeon (Sprint IX: "|||||||||||||||||||||||||||||").
             The game lasted 00:02:10 (223 turns).

NinjaNoafa the Shooter (Minotaur Hunter)             Turns: 223, Time: 00:02:11

Health: -1/44      AC:  4    Str: 20    XL:     4   Next: 27%
Magic:  3/3        EV: 14    Int: 10    God:    Cheibriados [......]
Gold:   0          SH:  0    Dex: 16    Spells: 3/3 levels left

rFire   . . .      SeeInvis .    a - +0 shortbow
rCold   . . .      Faith    .    (shield currently unavailable)
rNeg    . . .      Spirit   .    c - +0 leather armour
rPois   .          Reflect  .    (helmet restricted)
rElec   .          Harm     .    n - +0 cloak
rCorr   .          Rampage  .    (no gloves)
Will    .....      NoTele   +    (no boots)
Stlth   ++                       (no amulet)
HPRegen 0.27/turn                o - +3 ring of intelligence
MPRegen 0.08/turn                p - +3 ring of strength

@: very slow
A: horns 2, retaliatory headbutt
a: Renounce Religion


You were in the Dungeon.
You worshipped Cheibriados.
Cheibriados was noncommittal.
You visited 1 branch

Inventory:

Hand Weapons
 a - a +0 shortbow (weapon)
Missiles
 j - a boomerang of dispersal
Armour
 c - a +0 leather armour (worn)
 n - a +0 cloak (worn)
Jewellery
 o - a +3 ring of intelligence (left hand)
 p - a +3 ring of strength (right hand)
Wands
 m - a wand of iceblast (9)
Scrolls
 b - a scroll of immolation
 i - 2 scrolls of blinking
 l - 2 scrolls of amnesia
Potions
 d - 5 potions of curing
 e - 3 potions of heal wounds
 f - a potion of haste
 g - 4 potions of magic
 h - a potion of berserk rage
 k - a potion of invisibility


   Skills:
 + Level 5.7 Fighting
 + Level 6.0 Ranged Weapons
 - Level 4.0 Armour
 + Level 4.6 Dodging
 - Level 3.0 Stealth
 + Level 0.0 Invocations


You had 3 spell levels left.
You didn't know any spells.
Your spell library was empty.

Dungeon Overview and Level Annotations

Branches:
Dungeon (1/1)

Altars:
Cheibriados
Dithmenos
Elyvilon
Fedhas
Gozag
Hepliaklqana
Kikubaaqudgha
Makhleb
Nemelex Xobeh
Okawaru
Qazlal
Ru
Sif Muna
Trog
Uskayaw
Vehumet
Wu Jian
Xom
Yredelemnul
Zin
The Shining One
Jiyva
Lugonu


Innate Abilities, Weirdness & Mutations

You have a pair of horns on your head.
You reflexively headbutt those who attack you in melee.


Message History

You finish putting on your +0 cloak.
You see here a +0 cloak.
You see here a +0 plate armour.
o - a +3 ring of intelligence
p - a +3 ring of strength You feel clever.
o - a +3 ring of intelligence (left hand)
You feel stronger.
p - a +3 ring of strength (right hand)
You open the door.
A komodo dragon, an acid dragon, an orc wizard, a hornet, a two-headed ogre and a wight come into view.
Aiming: Iceblast
Press: ? - help, Shift-Dir - straight line, f - komodo dragon
Aim: a komodo dragon (asleep)
The mass of ice explodes!
The iceblast engulfs the komodo dragon!
The komodo dragon is lightly wounded.
The komodo dragon hisses angrily.
The iceblast engulfs the acid dragon!
The acid dragon is heavily wounded.
The acid dragon roars!
Fire: a) +0 shortbow
Press: ? - help, Q - select action, (/) - cycle Shift-Dir - straight line, f/p - komodo dragon
Aim: a komodo dragon (lightly wounded, 72% to hit)
You shoot an arrow. The orc wizard shouts!
The hornet buzzes angrily.
The arrow hits the komodo dragon.
The komodo dragon is moderately wounded.
The komodo dragon bites you.
You shoot an arrow.
The arrow barely misses the komodo dragon.
The arrow closely misses the acid dragon.
The arrow hits the orc wizard!
The orc wizard is severely wounded.
The komodo dragon bites you!!
The komodo dragon completely misses you.
You are too injured to fight recklessly!
The komodo dragon attacks as you move away!
The komodo dragon bites you!!
You die... ▓▓▓▓▓▓▓▓▓▓▓▓▓▓▓▓▓▓▓▓▓▓▓▓ _______'..)..[[.@lDoyOz. ▓▓▓▓▓▓▓▓▓▓▓▓▓▓▓▓▓▓▓▓▓▓▓▓

You could see a two-headed ogre, a komodo dragon, a hornet, an acid dragon, a wight and an orc wizard.

Vanquished Creatures
  2 hounds (D)
  2 adders (D)
  An orc (D)
  2 ball pythons (D)
  A bat (D)
  A hobgoblin (D)
  A kobold (D)
10 creatures vanquished.

Notes
Turn   | Place    | Note
-------+----------+-------------------------------------------
     0 | D        | NinjaNoafa the Minotaur Hunter began the quest for the Orb.
     0 | D        | Reached XP level 1. HP: 18/18 MP: 0/0
     6 | D        | Reached skill level 1 in Stealth
     7 | D        | Reached skill level 1 in Armour
    22 | D        | Noticed a hound
    22 | D        | Noticed a hound
    26 | D        | Killed a hound
    27 | D        | Reached skill level 5 in Ranged Weapons
    27 | D        | Reached XP level 2. HP: 27/27 MP: 1/1
    27 | D        | Reached XP level 3. HP: 33/33 MP: 2/2
    36 | D        | Reached skill level 5 in Fighting
    36 | D        | Reached skill level 6 in Ranged Weapons
    36 | D        | Reached XP level 4. HP: 24/44 MP: 3/3
   112 | D        | Found a snail-covered altar of Cheibriados.
   112 | D        | Found a shadowy altar of Dithmenos.
   112 | D        | Found a white marble altar of Elyvilon.
   112 | D        | Found a blossoming altar of Fedhas.
   112 | D        | Found an opulent altar of Gozag.
   113 | D        | Found a hazy altar of Hepliaklqana.
   114 | D        | Found a viscous altar of Jiyva.
   115 | D        | Found an ancient bone altar of Kikubaaqudgha.
   116 | D        | Found a corrupted altar of Lugonu.
   117 | D        | Found a burning altar of Makhleb.
   118 | D        | Found a sparkling altar of Nemelex Xobeh.
   119 | D        | Found an iron altar of Okawaru.
   120 | D        | Found a stormy altar of Qazlal.
   121 | D        | Found a sacrificial altar of Ru.
   124 | D        | Found a shimmering blue altar of Sif Muna.
   125 | D        | Found a bloodstained altar of Trog.
   144 | D        | Found a hide-covered altar of Uskayaw.
   145 | D        | Found a radiant altar of Vehumet.
   146 | D        | Found an ornate altar of the Wu Jian Council.
   147 | D        | Found a shimmering altar of Xom.
   148 | D        | Found a basalt altar of Yredelemnul.
   149 | D        | Found a glowing silver altar of Zin.
   150 | D        | Found a glowing golden altar of the Shining One.
   172 | D        | Became a worshipper of Cheibriados the Contemplative
   219 | D        | Noticed a komodo dragon
   219 | D        | Noticed an acid dragon
   219 | D        | Noticed a hornet
   219 | D        | Noticed a two-headed ogre
   223 | D        | Slain by a komodo dragon

Illustrated notes

Levels and vault maps discovered:
D:        linesprint [early_d, line_temple, items_1, d_10, items_2, lair_1,
          lair_end, items_3, orc_1, orc_end, items_4, d_15, swamp_1, shoals_1,
          snake_1, spider_1, d_20, vaults_1, items_5, swamp_end, shoals_end,
          snake_end, spider_end, vaults_end, d_27, items_6, zot_1, zot_end,
          crypt_end, forest_end, elf_end, slime_end, tomb_end, abyss_end,
          pan_hell_end]

Skill      XL: |  1  2  3 |
---------------+----------+-----
Stealth        | 2 3 |  3.0
Armour         | 3 4 |  4.0
Fighting       | 4 5 |  5.7
Ranged Weapons | 5 6 |  6.0
Dodging        | 3 4 |  4.6

Action                   |  1- 3 |  4- 6 || total
-------------------------+-------+-------++-------
 Fire: Shortbow          |    20 |     2 ||    22
Evoke: Wand              |       |     1 ||     1
Armor: Leather armour    |     4 |       ||     4
Dodge: Dodged            |    17 |     1 ||    18

Table legend: (Time is in decaauts)
 A = Elapsed time spent in this place.
 B = Non-inter-level travel time spent in this place.
 C = Inter-level travel time spent in this place.
 D = Time resting spent in this place.
 E = Time spent auto-exploring this place.
 F = Levels seen in this place.
 G = Mean time per level.
                   A        B        C        D        E       F      G
               +--------+--------+--------+--------+--------+-----+--------+
         Total |    236 |    236 |      0 |      0 |    116 |   1 |  236.0 |
       Dungeon |    236 |    236 |      0 |      0 |    116 |   1 |  236.0 |
               +--------+--------+--------+--------+--------+-----+--------+

Top non-repeatable levels by time:
       D: 236 daAuts
